 Dungeon Crawl Stone Soup version 0.30-b1-2-g02819fbbbe (webtiles) character file.

Game seed: 6811442371667229812

105 sanka the Ducker (level 4, -8/35 HPs)
             Began as a Merfolk Fire Elementalist on May 14, 2023.
             Mangled by an ogre
             ... wielding a +0 giant club
              (21 damage)
             ... on level 4 of the Dungeon.
             The game lasted 00:03:46 (1943 turns).

sanka the Ducker (Merfolk Fire Elementalist)        Turns: 1943, Time: 00:03:46

Health: -8/35      AC:  2    Str:  8    XL:     4   Next: 83%
Magic:  1/7        EV: 14    Int: 14    God:
Gold:   143        SH:  0    Dex: 16    Spells: 4/7 levels left

rFire   . . .        p - +2 short sword (venom)
rCold   . . .        (no shield)
rNeg    . . .        a - +0 robe
rPois   .            (no helmet)
rElec   .            (no cloak)
rCorr   .            (no gloves)
SInv    .            (no boots)
Will    .....        (no amulet)
Stlth   ++           (no ring)
HPRegen 0.25/turn    (no ring)
MPRegen 0.10/turn

%: no passive effects
@: no status effects
A: (nimble swimmer 2), mertail
a: no special abilities


You were on level 4 of the Dungeon.
You visited 1 branch of the dungeon, and saw 4 of its levels.

You collected 143 gold pieces.

Inventory:

Hand Weapons
 d - a +0 mace
 e - a +0 dagger of venom
 m - a +0 halberd
 p - a +2 short sword of venom (weapon)
Missiles
 j - 6 poisoned darts
Armour
 a - a +0 robe (worn)
Scrolls
 g - a scroll of fear {unknown}
 h - a scroll of immolation {unknown}
 i - a scroll of identify {unknown}
 k - 2 scrolls of teleportation {unknown}
 q - a scroll of noise {unknown}
Potions
 b - a potion of magic
 c - 2 potions of resistance {unknown}
 f - a potion of curing {unknown}
 l - 2 potions of might {unknown}
 n - a potion of flight {unknown}
 o - a potion of berserk rage {unknown}
 r - 2 potions of heal wounds {unknown}


   Skills:
 + Level 3.1 Fighting
 + Level 4.9 Dodging
 - Level 2.1 Stealth
 - Level 2.0 Spellcasting
 - Level 0.7 Conjurations
 - Level 2.1 Fire Magic


You had 4 spell levels left.
You knew the following spells:

 Your Spells              Type           Power      Damage    Failure   Level
a - Foxfire               Conj/Fire      20%        2x1d5     13%         1
b - Scorch                Fire           14%        2d6       14%         2

Your spell library contained the following spells:

 Spells                   Type           Power      Damage    Failure   Level
 Inner Flame              Hex/Fire       4%         N/A       41%         3
 Volatile Blastmotes      Fire/Tloc      8%         2d10      41%         3
 Summon Guardian Golem    Hex/Summ       1%         N/A       56%         3
 Flame Wave               Conj/Fire      5%         2d5       78%         4
 Orb of Destruction       Conj           1%         9d5       100%        7
 Spellforged Servitor     Conj/Summ      1%         N/A       100%        7


Dungeon Overview and Level Annotations

Branches:
Dungeon (4/15)
 Temple: D:4-7

Altars:

Annotations:
D:3 Robin
D:4 Pikel


Innate Abilities, Weirdness & Mutations

((You are very nimble when in or above water. (Stealth+, EV+, Speed+++)))
Your lower body shifts to a powerful aquatic tail in water.


Message History

The goblin misses you. The hobgoblin hits you.
There is a stone staircase leading down here.
Robin roars a battlecry!
The goblins go into a battle-frenzy!
The hobgoblin hits you.
You hear an angry hiss.
You climb downwards.
There is a stone staircase leading up here.
Unknown command.
You closely miss the hobgoblin.
The hobgoblin is almost dead.
The ogre shouts!
You hear a shout! x2
The hobgoblin misses you. The goblin misses you.
You hit the hobgoblin but do no damage.
The hobgoblin is poisoned.
The hobgoblin is almost dead.
The goblin closely misses you. The hobgoblin hits you.
You are too injured to fight recklessly!
You aren't carrying any items that you can evoke.
Unknown command.
You hit the hobgoblin.
You kill the hobgoblin!
The goblin hits you with a +0 dagger.
You hit the goblin.
The goblin is poisoned.
The goblin is severely wounded.
You kill the goblin!
Pikel, Merchant of Souls comes into view.
He is wielding a +1 whip of flaming.
A lemure comes into view.
You hit the ogre.
The ogre is poisoned.
The ogre is lightly wounded.
The ogre barely misses you.
You hit the ogre.
The ogre looks as sick as possible!
The ogre is moderately wounded.
You hit the ogre.
The ogre is heavily wounded.
The ogre barely misses you.
You hit the ogre.
The ogre looks as sick as possible!
The ogre is heavily wounded.
The ogre hits you with a +0 giant club!!
Ouch! That really hurt!
You die...

+.......#
#.......#
#.......#
#.......#
#.......#
#.......#
#.......#
#.....@.#
#....†O)#
#.......#
#.....K.#
......5..#
.........#
.........#
.........#


You could see Pikel, an ogre (extremely poisoned) and a lemure.

Vanquished Creatures
  3 gnolls (D:2)
  2 adders
  A dart slug (D:2)
  2 endoplasms (D:2)
  2 giant cockroaches
  6 goblins
  8 hobgoblins
  2 jackals (D:2)
  6 kobolds
  4 quokkas
  7 ball pythons
  3 bats
  3 frilled lizards
  7 rats
56 creatures vanquished.

Vanquished Creatures (collateral kills)
  A foxfire (D:3)
1 creature vanquished.

Vanquished Creatures (others)
  101 foxfires
101 creatures vanquished.

Grand Total: 158 creatures vanquished

Notes
Turn   | Place    | Note
-------+----------+-------------------------------------------
     0 | D:1      | sanka the Merfolk Fire Elementalist began the quest for the
                  | Orb.
     0 | D:1      | Reached XP level 1. HP: 13/13 MP: 3/3
    93 | D:1      | Reached skill level 3 in Dodging
   103 | D:1      | Reached skill level 1 in Fighting
   122 | D:1      | Reached XP level 2. HP: 19/21 MP: 0/5
   186 | D:1      | Learned a level 2 spell: Scorch
   593 | D:1      | Reached XP level 3. HP: 27/27 MP: 0/6
   937 | D:2      | Reached skill level 4 in Dodging
  1007 | D:2      | Reached XP level 4. HP: 34/34 MP: 3/7
  1932 | D:3      | Noticed Robin
  1935 | D:4      | Noticed an ogre
  1939 | D:4      | Noticed Pikel
  1939 | D:4      | Noticed a lemure
  1943 | D:4      | Mangled by an ogre

Illustrated notes

Levels and vault maps discovered:
D:1:      reono_arrival_forest_river, layout_basic, serial_park_tiny_1,
          item_on_display_a
D:2:      layout_basic
D:3:      layout_basic, serial_shops, shop, chequers_ecumenical_altar_lobes,
          kennysheep_big_empty_room, uniq_robin
D:4:      layout_gridville, nicolae_vehumet_altar_sigil, uniq_pikel, uniq_ijyb

Skill      XL: |  1  2  3  4 |
---------------+-------------+-----
Dodging        | 3 4 |  4.9
Fighting       | 1 2 3 |  3.1
Stealth        | |  2.1
Spellcasting   | |  2.0
Conjurations   | |  0.7
Fire Magic     | |  2.1

Action                     |  1- 3 |  4- 6 || total
---------------------------+-------+-------++-------
  Melee: Unarmed           |     4 |       ||     4
         Short sword       |     7 |    19 ||    26
         Dagger            |    36 |    22 ||    58
         Punch             |     1 |       ||     1
   Cast: Foxfire           |    29 |    30 ||    59
   Stab: Sleeping          |     3 |     1 ||     4
 Armour: Robe              |    15 |     2 ||    17
  Dodge: Dodged            |    34 |    26 ||    60
